 Dungeon Crawl Stone Soup version 0.31-a0-806-g0bc164a743 (webtiles) character file.

Game seed: 11161421064636726190

65688 quinnr the Stormcaller (level 15, -1/98 HPs)
             Began as a Tengu Air Elementalist on Sept 20, 2023.
             Was a High Priest of Vehumet.
             Succumbed to a guardian serpent's bolt of poison
             ... on level 1 of the Snake Pit.
             The game lasted 01:06:30 (27578 turns).

quinnr the Stormcaller (Tengu Air Elementalist)    Turns: 27578, Time: 01:06:31

Health: -1/98      AC:  5    Str:  9    XL:     15   Next: 17%
Magic:  13/41      EV: 37    Int: 34    God:    Vehumet [*****.]
Gold:   1698       SH:  0    Dex: 15    Spells: 5/38 levels left

rFire   + . .        U - staff of conjuration {!a}
rCold   + + .        (no shield)
rNeg    + + +        q - +1 robe {rC+}
rPois   .            (helmet restricted)
rElec   .            h - scarf of Weirdness {rC+ rF+, Int+6}
rCorr   +            T - +1 pair of gloves of Mutualism {+Inv Regen+ Stlth-}
SInv    .            (boots unavailable)
Will    ++...        (no amulet)
Stlth   +            B - ring of Cujo {Drain rN+++ Will+ rCorr Int+6}
HPRegen 1.16/turn    M - ring of magical power
MPRegen 0.27/turn

%: acrobat
@: lethally poisoned (-1 -> -12), acrobatic, flying
A: beak, talons 3, evasive flight, acrobatic
a: Renounce Religion, Evoke Invisibility


You were on level 1 of the Snake Pit.
You worshipped Vehumet.
Vehumet was extremely pleased with you.
You visited 4 branches of the dungeon, and saw 18 of its levels.
You also visited: Bailey.

You collected 1880 gold pieces.
You spent 182 gold pieces at shops.


Innate Abilities, Weirdness & Mutations

You have a beak for a mouth.
You have claws for feet.
Your magical flight helps you evade attacks. (EV +4)
You can magically evade attacks while moving or waiting.


   Skills:
 - Level 13.0 Fighting
 - Level 3.0 Armour
 + Level 11.3 Dodging
 - Level 3.0 Stealth
 - Level 12.0 Spellcasting
 - Level 6.0 Conjurations
 - Level 2.0 Translocations
 - Level 16.0 Air Magic
 - Level 6.0 Poison Magic
 - Level 8.0 Evocations


You had 5 spell levels left.
You knew the following spells:

 Your Spells              Type           Power      Damage    Failure   Level
a - Airstrike             Air            46%        2d(7-23)  1%          4
c - Maxwell's Capacitive  Air            46%        ∞         5%          8
i - Swiftness             Air            92%        N/A       0%          3
m - Mephitic Cloud        Conj/Pois/Air  90%        N/A       1%          3
o - Olgreb's Toxic Radia  Pois           57%        N/A       1%          4
p - Poisonous Vapours     Pois/Air       100%       N/A       1%          2
X - Arcjolt               Conj/Air       48%        1d58      1%          5
Y - Vhi's Electric Charg  Tloc/Air       100%       N/A       1%          4

Your spell library contained the following spells:

 Spells                   Type           Power      Damage    Failure   Level
 Eringya's Noxious Bog    Tmut/Pois      20%        4d6       24%         6
 Shock                    Conj/Air       100%       1d9       0%          1
 Apportation              Tloc           68%        N/A       1%          1
 Sting                    Tmut/Pois      100%       1d8       1%          1
 Scorch                   Fire           40%        2d6       1%          2
 Static Discharge         Conj/Air       100%       2-7/arc   1%          2
 Dazzling Flash           Conj/Hex       100%       N/A       1%          3
 Volatile Blastmotes      Fire/Tloc      54%        2d14      1%          3
 Flame Wave               Conj/Fire      57%        2d14      1%          4
 Iskenderun's Mystic Bla  Conj/Tloc      63%        2d13      1%          4
 Necrotise                Necr           80%        1d8       2%          1
 Summon Small Mammal      Summ           80%        N/A       2%          1
 Jinxbite                 Hex            40%        N/A       3%          2
 Sublimation of Blood     Necr           20%        N/A       3%          2
 Wereblood                Tmut           20%        N/A       3%          2
 Call Canine Familiar     Summ           20%        N/A       6%          3
 Ozocubu's Armour         Ice            20%        N/A       6%          3
 Sigil of Binding         Hex            20%        N/A       6%          3
 Tukima's Dance           Hex            20%        N/A       6%          3
 Vampiric Draining        Necr           20%        2d7       6%          3
 Manifold Assault         Tloc           34%        N/A       10%         4
 Dimensional Bullseye     Hex/Tloc       13%        N/A       14%         4
 Alistair's Intoxication  Tmut/Pois      26%        N/A       17%         5
 Leda's Liquefaction      Hex/Erth       10%        N/A       22%         4
 Summon Ice Beast         Ice/Summ       20%        N/A       22%         4
 Summon Forest            Summ/Tloc      13%        N/A       36%         5
 Agony                    Necr           20%        N/A       52%         5
 Summon Mana Viper        Hex/Summ       20%        N/A       52%         5
 Starburst                Conj/Fire      28%        6d9       24%         6
 Summon Cactus Giant      Summ           10%        N/A       97%         6
 Ozocubu's Refrigeration  Ice            10%        4d9       98%         7
 Monstrous Menagerie      Summ           10%        N/A       100%        7
 Summon Hydra             Summ           10%        N/A       100%        7

Inventory:

Hand Weapons
 D - a +3 whip of freezing
 J - the +4 great sword of Keutam {vamp, rF+}
   (You found it on level 8 of the Dungeon)

   rF+:       It protects you from fire.
Missiles
 j - 4 atropa-tipped darts
 F - 2 throwing nets {=f}
Armour
 a - a +0 robe
 h - the scarf of Weirdness (worn) {rC+ rF+, Int+6}
   (You acquired it on level 4 of the Dungeon)

   Int+6:     It affects your intelligence (+6).
 l - a scarf of harm
 m - the +1 leather armour "Nism" {Contam +Blink Str+5}
   (You found it on level 3 of the Dungeon)

   Str+5:     It affects your strength (+5).
   +Blink:    It lets you blink.
   Contam:    It causes magical contamination when unequipped.
 q - a +1 robe of cold resistance (worn)
 r - a scarf of resistance
 v - the +2 cloak of the Tanner {rC+}
   (You found it on level 5 of the Dungeon)

   rC+:       It protects you from cold.
 y - a +0 pair of gloves
 H - a +1 cloak of willpower
 T - the +1 pair of gloves of Mutualism (worn) {+Inv Regen+ Stlth-}
   (You found it on level 4 of the Lair of Beasts)

   +Inv:      It lets you turn invisible.
   Regen+:    It increases your rate of health regeneration.
   Stlth-:    It makes you less stealthy.
Magical Staves
 U - a staff of conjuration (weapon) {!a}
Jewellery
 B - the ring of Cujo (left hand) {Drain rN+++ Will+ rCorr Int+6}
   (You found it on level 6 of the Dungeon)

   [ring of intelligence]

   Int+6:     It affects your intelligence (+6).
   rN+++:     It renders you almost immune to negative energy.
   Will+:     It increases your willpower.
   rCorr:     It protects you from acid and corrosion.
   Drain:     It drains your maximum health when unequipped.
 E - an amulet of faith {!P}
 M - a ring of magical power (right hand)
Talismans
 g - a granite talisman
Wands
 s - a wand of iceblast (15)
 C - a wand of flame (27)
 G - a wand of charming (9)
 N - a wand of light (22)
 V - a wand of polymorph (6)
Scrolls
 d - 3 scrolls of butterflies
 n - 4 scrolls of amnesia
 o - 2 scrolls of enchant armour
 u - 4 scrolls of teleportation {@r2}
 w - 5 scrolls of revelation
 x - a scroll of blinking
 L - a scroll of fear {unknown}
 P - a scroll of vulnerability
 R - a scroll of poison
 S - a scroll of noise
 W - a scroll of immolation {unknown}
Potions
 b - a potion of magic
 c - 3 potions of degeneration
 e - 3 potions of berserk rage {!q}
 f - 12 potions of curing {@q1}
 i - a potion of cancellation
 k - 2 potions of might
 p - a potion of heal wounds {@q2}
 t - a potion of invisibility
 z - 2 potions of haste {@q3}
 A - a potion of ambrosia
 I - 2 potions of resistance
 K - a potion of lignification
 O - 4 potions of enlightenment
Miscellaneous
 Q - a phantom mirror (inert)

Dungeon Overview and Level Annotations

Branches:
Dungeon (11/15)            Temple (1/1) D:4            Lair (5/5) D:10
  Swamp (0/4) Lair:2        Snake (1/4) Lair:2        Slime (0/5) Lair:4
    Orc (0/2) D:10         Bailey (visited)

Altars:
Ashenzari
Cheibriados
Dithmenos
Elyvilon
Fedhas
Gozag
Hepliaklqana
Kikubaaqudgha
Makhleb
Nemelex Xobeh
Okawaru
Qazlal
Ru
Sif Muna
Trog
Uskayaw
Vehumet
Wu Jian
Xom
Yredelemnul
Zin
The Shining One
Jiyva

Shops:
D:1 [ Snake:1

[(( ##. ... ##.. )...
###...# .....
##...^.## #######.....
#.......###...........
#.......##....).......
.........NS.).)......
.##.....S####......)
##..@### .......
##..## ....... ##..##
#...... ##..## #.....
##..## ##... #..## ...
##..# #..## .## ##..#


You could see a naga warrior (ally target), a guardian serpent and a friendly
guardian serpent (summoned, drained).


Message History

Your guardian serpent casts a spell at the naga warrior.
The naga warrior resists with almost no effort.
Unknown command.
You feel sick.
The naga warrior blocks your guardian serpent's attack.
The guardian serpent coils itself and waves its upper body at you.
You resist with almost no effort.
The naga warrior hits your guardian serpent with a +3 mace!!
The naga warrior barely misses your guardian serpent.
The naga warrior blocks your guardian serpent's attack.
Unknown command.
You feel sick.
Your guardian serpent hits the naga warrior.
The naga warrior spits poison at your guardian serpent.
The splash of poison hits your guardian serpent.
Unknown command.
Aiming: Charm
Press: ? - help, Shift-Dir - straight line, f/p - guardian serpent
Aim: a guardian serpent (chance to affect: 32%)
The guardian serpent easily resists.
You feel sick.
The naga warrior blocks your guardian serpent's attack.
The guardian serpent casts a spell at you.
The naga warrior blinks!
The guardian serpent coils itself and waves its upper body at you.
The bolt of poison hits you!
You are more poisoned.
* * * LOW HITPOINT WARNING * * *
Unknown command.
Unknown command.
You die...

Skill      XL: |  1  2  3  4  5  6  7  8  9 10 11 12 13 14 15 |
---------------+----------------------------------------------+-----
Air Magic      | 5 6 7 9 11 12 16 | 16.0
Spellcasting   | 3 4 5 6 9 11 12 | 12.0
Fighting       | 1 3 4 5 9 10 11 13 | 13.0
Dodging        | 3 7 10 11 | 11.3
Stealth        | 3 |  3.0
Armour         | 3 |  3.0
Poison Magic   | 3 6 |  6.0
Conjurations   | 4 6 |  6.0
Evocations     | 4 6 8 |  8.0
Translocations | 2 |  2.0

Action                     |  1- 3 |  4- 6 |  7- 9 | 10-12 | 13-15 || total
---------------------------+-------+-------+-------+-------+-------++-------
  Melee: Unarmed           |    11 |     1 |     2 |       |       ||    14
         Kick              |     3 |       |     4 |     3 |     6 ||    16
         Whip              |       |       |     5 |       |       ||     5
         Peck              |       |       |     1 |     1 |     5 ||     7
         Great sword       |       |       |       |    11 |    19 ||    30
   Cast: Shock             |    89 |   103 |    97 |    17 |       ||   306
         Airstrike         |       |     5 |    83 |   164 |   223 ||   475
         Swiftness         |       |     1 |     2 |     3 |     7 ||    13
         Poisonous Vapours |       |       |    32 |   205 |   127 ||   364
         Mephitic Cloud    |       |       |       |    12 |    13 ||    25
         Arcjolt           |       |       |       |    23 |    42 ||    65
         Olgreb's Toxic Ra |       |       |       |       |    41 ||    41
         Maxwell's Capacit |       |       |       |       |     7 ||     7
  Evoke: Wand              |       |       |     1 |       |     3 ||     4
         Phantom mirror    |       |       |       |       |     2 ||     2
    Use: Scroll            |       |     1 |     9 |    13 |     6 ||    29
         Potion            |       |     1 |       |       |     1 ||     2
 Armour: Robe              |    12 |    20 |    40 |    72 |   150 ||   294
  Dodge: Dodged            |    33 |    39 |    93 |   196 |   210 ||   571

Levels and vault maps discovered:
D:1:      giann_wishing_wells, layout_basic, serial_shops,
          nicolae_shop_tiny_real_fake_doors
D:2:      layout_basic, basic_altar, st_stairs_4, uniq_robin, uniq_sigmund
D:3:      layout_basic, kennysheep_generic_room_3
D:4:      layout_basic, minmay_temple_entry_glass,
          minmay_misc_feat_more_columns, feat_on_display
D:5:      layout_basic, mainiacjoe_overflow_brackets, kennysheep_potato
D:6:      layout_loops_ring, uniq_blork_the_orc
D:7:      layout_basic, lightli_orcish_oven
D:8:      layout_cave_pools, nicolae_dithmenos_through_a_glass_darkly,
          mainiacjoe_overflow_large_starburst, uniq_maurice, uniq_prince_ribbit1
D:9:      layout_basic, lemuel_crystal_altar
D:10:     layout_irregular_city, lemuel_tele_altar, hellmonk_lair_entry_icy,
          david_orc_2, enter_bailey_4, hangedman_misty_isle, uniq_lodul
D:11:     layout_gridville, minmay_misc_feat_tower, grunt_ministairs_7,
          nzn_hepliaklqana_mist_gate
Temple:   nicolae_temple_bog_church
Lair:1:   layout_regular_city, uniq_urug
Lair:2:   layout_gridlike, swamp_mist, dummy_snake_entry, st_stairs_10
Lair:3:   layout_long_grid, uniq_kirke
Lair:4:   layout_loops_ring, nicolae_slime_entry_slimehenge,
          infiniplex_staircase_pool
Lair:5:   evilmike_catoblepas_cave, layout_cave_pods, grunt_megastairs_5,
          infiniplex_staircase_pool_2, uniq_josephine
Snake:1:  layout_onion, minmay_shop_star

Notes
Turn   | Place    | Note
-------+----------+-------------------------------------------
     0 | D:1      | quinnr the Tengu Air Elementalist began the quest for the
                  | Orb.
     0 | D:1      | Reached XP level 1. HP: 10/10 MP: 4/4
   375 | D:1      | Reached XP level 2. HP: 15/15 MP: 1/6
   586 | D:1      | Reached skill level 5 in Air Magic
   632 | D:1      | Found Cihuloj's Armour Shop.
   854 | D:1      | Reached XP level 3. HP: 19/19 MP: 1/7
  1660 | D:2      | Reached skill level 6 in Air Magic
  1733 | D:2      | Found a shimmering altar of Xom.
  1883 | D:2      | Reached XP level 4. HP: 24/24 MP: 5/8
  2240 | D:3      | Identified the +1 leather armour "Nism" {Contam +Blink
                  | Str+5}
  2638 | D:3      | Reached skill level 7 in Air Magic
  2638 | D:3      | Reached XP level 5. HP: 13/28 MP: 2/10
  2710 | D:3      | Learned a level 4 spell: Airstrike
  2901 | D:4      | Reached skill level 3 in Spellcasting
  3027 | D:4      | Found a staircase to the Ecumenical Temple.
  3036 | Temple   | Entered the Ecumenical Temple
  3055 | Temple   | Became a worshipper of Vehumet
  3078 | Temple   | Learned a level 3 spell: Swiftness
  3377 | D:3      | Reached XP level 6. HP: 13/32 MP: 2/11
  3380 | D:3      | Reached skill level 8 in Air Magic
  3812 | D:2      | Noticed Sigmund
  3816 | D:2      | Killed Sigmund
  3817 | D:2      | Reached skill level 9 in Air Magic
  4009 | D:2      | Noticed Robin
  4013 | D:2      | Killed Robin
  4100 | D:2      | Reached * piety under Vehumet
  4100 | D:2      | Offered knowledge of Freeze by Vehumet.
  4279 | D:2      | Reached skill level 1 in Fighting
  4279 | D:2      | Gained mutation: Your magical flight helps you evade
                  | attacks. (EV +4) [Tengu growth]
  4279 | D:2      | Reached XP level 7. HP: 38/38 MP: 6/12
  4541 | D:4      | Identified a scarf of resistance
  4683 | D:4      | Identified a scroll of acquirement
  4684 | D:4      | Acquired the scarf of Weirdness {rC+ rF+, Int+6}
  5190 | D:5      | Entered Level 5 of the Dungeon
  5202 | D:5      | Reached skill level 3 in Dodging
  5341 | D:5      | Reached skill level 2 in Fighting
  5341 | D:5      | Reached skill level 3 in Stealth
  5520 | D:5      | Reached skill level 4 in Spellcasting
  5526 | D:5      | HP: 4/40 [poisoned by a water moccasin]
  5530 | D:5      | HP: 1/40 [poisoned by a water moccasin]
  5729 | D:5      | Reached skill level 3 in Fighting
  5731 | D:5      | Reached XP level 8. HP: 48/48 MP: 1/15
  5847 | D:5      | Reached skill level 4 in Fighting
  5847 | D:5      | Reached skill level 1 in Armour
  5854 | D:5      | Acquired the Monograph on Toxic Translocation
  5859 | D:5      | Learned a level 2 spell: Poisonous Vapours
  5933 | D:5      | Reached skill level 1 in Poison Magic
  6029 | D:5      | Reached skill level 2 in Armour
  6137 | D:5      | Identified the +2 cloak of the Tanner {rC+}
  6441 | D:5      | Reached skill level 2 in Poison Magic
  6662 | D:5      | Found a bloodstained altar of Trog.
  6877 | D:6      | Noticed Blork the orc
  6879 | D:6      | Killed Blork the orc
  6880 | D:6      | Reached skill level 3 in Armour
  7130 | D:5      | Reached skill level 3 in Poison Magic
  7282 | D:6      | Reached skill level 10 in Air Magic
  7405 | D:6      | Identified the ring of Cujo {Drain rN+++ Will+ rCorr Int+6}
  7780 | D:6      | Reached ** piety under Vehumet
  7804 | D:7      | Offered knowledge of Foxfire by Vehumet.
  7807 | D:7      | Reached skill level 11 in Air Magic
  7807 | D:7      | Reached XP level 9. HP: 48/52 MP: 9/16
  8132 | D:6      | Reached skill level 5 in Spellcasting
  8306 | D:6      | Reached skill level 2 in Conjurations
  8714 | D:7      | Offered knowledge of Frozen Ramparts by Vehumet.
  8827 | D:7      | Reached skill level 5 in Fighting
  9008 | D:7      | Learned a level 5 spell: Arcjolt
  9103 | D:7      | Reached skill level 4 in Poison Magic
  9231 | D:7      | Reached skill level 3 in Conjurations
  9428 | D:7      | Reached *** piety under Vehumet
  9555 | D:8      | Noticed Maurice
  9559 | D:8      | Killed Maurice
  9560 | D:8      | Reached skill level 4 in Conjurations
  9560 | D:8      | Reached skill level 5 in Poison Magic
  9565 | D:7      | Reached skill level 6 in Poison Magic
  9965 | D:8      | Reached XP level 10. HP: 59/59 MP: 18/18
  9982 | D:8      | Reached skill level 4 in Dodging
  9984 | D:8      | Offered knowledge of Mephitic Cloud by Vehumet.
 10063 | D:8      | Learned a level 3 spell: Mephitic Cloud
 10157 | D:8      | Noticed Prince Ribbit
 10165 | D:8      | Killed Prince Ribbit
 10166 | D:8      | Reached skill level 6 in Fighting
 10252 | D:8      | Noticed a catoblepas
 10277 | D:8      | Killed a catoblepas
 10278 | D:8      | Reached skill level 5 in Dodging
 10403 | D:8      | Identified the +4 great sword of Keutam {vamp, rF+}
 10443 | D:8      | Reached skill level 6 in Dodging
 10569 | D:8      | Found a hazy altar of Hepliaklqana.
 10593 | D:8      | Found a sparkling altar of Nemelex Xobeh.
 10690 | D:8      | Found a shadowy altar of Dithmenos.
 10971 | D:9      | Reached skill level 7 in Fighting
 11499 | D:9      | Reached skill level 7 in Dodging
 11577 | D:9      | Reached skill level 8 in Fighting
 11770 | D:9      | Identified a potion of resistance
 11848 | D:9      | Found a white marble altar of Elyvilon.
 12128 | D:10     | Entered Level 10 of the Dungeon
 12163 | D:10     | Noticed Lodul
 12182 | D:10     | Reached skill level 9 in Fighting
 12219 | D:10     | Killed Lodul
 12220 | D:10     | Reached skill level 6 in Spellcasting
 12220 | D:10     | Reached XP level 11. HP: 13/71 MP: 0/21
 12243 | D:9      | Reached **** piety under Vehumet
 12422 | D:10     | Offered knowledge of Fireball by Vehumet.
 12485 | D:10     | Reached skill level 7 in Spellcasting
 12518 | D:10     | Found a flagged portal.
 12526 | Bailey   | Entered a bailey
 12907 | Bailey   | Noticed an orc knight
 12925 | Bailey   | Killed an orc knight
 13300 | D:10     | Found a broken altar of Ashenzari.
 13388 | D:10     | Reached skill level 8 in Spellcasting
 13472 | D:10     | Found a staircase to the Lair.
 13651 | D:10     | Reached ***** piety under Vehumet
 13717 | D:10     | Offered knowledge of Yara's Violent Unravelling by Vehumet.
 13788 | D:10     | Found a staircase to the Orcish Mines.
 13894 | D:10     | Reached skill level 10 in Fighting
 14588 | D:11     | Noticed a rakshasa
 14593 | D:10     | Noticed a sun demon
 14834 | D:10     | Found a broken altar of Ashenzari.
 15038 | D:10     | Found a staircase to the Lair.
 15064 | D:10     | Found a staircase to the Orcish Mines.
 15170 | D:10     | Killed a rakshasa
 15171 | D:10     | Reached skill level 9 in Spellcasting
 15631 | D:11     | Noticed a two-headed ogre
 15638 | D:11     | Killed a two-headed ogre
 15639 | D:11     | Reached XP level 12. HP: 77/77 MP: 21/26
 15787 | Lair:1   | Entered Level 1 of the Lair of Beasts
 15811 | Lair:1   | Reached skill level 10 in Spellcasting
 15943 | Lair:1   | Reached skill level 1 in Evocations
 16119 | Lair:1   | Reached skill level 2 in Evocations
 16354 | Lair:1   | Reached skill level 11 in Fighting
 16378 | Lair:1   | Reached skill level 3 in Evocations
 16754 | Lair:1   | Reached skill level 4 in Evocations
 16854 | Lair:1   | Noticed Urug
 16864 | Lair:1   | Killed Urug
 17235 | Lair:1   | Learned a level 8 spell: Maxwell's Capacitive Coupling
 17716 | Lair:2   | Found a staircase to the Snake Pit.
 17719 | Lair:2   | Found a staircase to the Swamp.
 17753 | Lair:2   | Noticed a six-headed hydra
 17762 | Lair:2   | Killed a six-headed hydra
 17763 | Lair:2   | Reached skill level 11 in Spellcasting
 17916 | Lair:2   | Reached skill level 12 in Air Magic
 18167 | Lair:2   | Offered knowledge of Olgreb's Toxic Radiance by Vehumet.
 18177 | Lair:2   | Learned a level 4 spell: Olgreb's Toxic Radiance
 18272 | Lair:2   | Learned a level 4 spell: Vhi's Electric Charge
 18589 | Lair:2   | Reached XP level 13. HP: 73/84 MP: 26/29
 18590 | Lair:2   | Reached skill level 1 in Translocations
 18592 | Lair:2   | Reached skill level 13 in Air Magic
 19143 | Lair:2   | Reached skill level 2 in Translocations
 19883 | Lair:3   | Identified the +7 chain mail of the Moon Troll {+Inv}
 19883 | Lair:3   | Noticed Kirke
 19902 | Lair:3   | Killed Kirke
 20167 | Lair:3   | Reached skill level 14 in Air Magic
 20309 | Lair:3   | Reached skill level 12 in Spellcasting
 20860 | Lair:3   | Reached skill level 15 in Air Magic
 21829 | Lair:4   | Found a staircase to the Slime Pits.
 21837 | Lair:4   | Identified the +1 pair of gloves of Mutualism {+Inv Regen+
                  | Stlth-}
 21840 | Lair:4   | Found a viscous altar of Jiyva.
 22698 | Lair:4   | Reached skill level 16 in Air Magic
 22698 | Lair:4   | Reached skill level 5 in Evocations
 22816 | Lair:5   | Entered Level 5 of the Lair of Beasts
 22936 | Lair:5   | Reached skill level 6 in Evocations
 23096 | Lair:5   | Reached XP level 14. HP: 84/90 MP: 30/31
 23195 | Lair:5   | Identified the +0 robe of Intuition {rC+}
 23225 | Lair:5   | Reached skill level 7 in Evocations
 23470 | Lair:4   | Reached skill level 8 in Evocations
 23691 | Lair:4   | Reached skill level 5 in Conjurations
 23988 | Lair:4   | Reached skill level 6 in Conjurations
 24118 | Lair:5   | Noticed Josephine
 24246 | Lair:5   | Offered knowledge of Iskenderun's Battlesphere by Vehumet.
 24247 | Lair:5   | Killed Josephine
 24292 | Lair:4   | Reached skill level 12 in Fighting
 25118 | Lair:5   | Reached skill level 8 in Dodging
 26029 | Lair:5   | Offered knowledge of Eringya's Noxious Bog by Vehumet.
 26030 | Lair:5   | Reached skill level 9 in Dodging
 26037 | Lair:5   | Reached skill level 13 in Fighting
 26340 | Lair:5   | Reached skill level 10 in Dodging
 26340 | Lair:5   | Reached XP level 15. HP: 98/98 MP: 26/32
 26910 | Lair:2   | Found a staircase to the Swamp.
 26912 | Lair:2   | Found a staircase to the Snake Pit.
 26977 | Snake:1  | Entered Level 1 of the Snake Pit
 27257 | Snake:1  | Found Ugesm's Weapon Shoppe.
 27261 | Snake:1  | Found Okum's Weapon Emporium.
 27262 | Snake:1  | Found Xoinou's Antique Armour Shoppe.
 27301 | Snake:1  | Bought a warped robe for 182 gold pieces
 27301 | Snake:1  | Identified the +0 robe of Kiuset {Dex+2} (You bought it in
                  | a shop on level 1 of the Snake Pit)
 27502 | Snake:1  | Reached skill level 11 in Dodging
 27577 | Snake:1  | HP: 2/98 [guardian serpent/bolt of poison (17)]
 27578 | Snake:1  | Succumbed to a guardian serpent's bolt of poison

Vanquished Creatures
  Kirke (Lair:3)
  Josephine (Lair:5)
  A hydra (Lair:2)
  A rakshasa (D:10)
  4 catoblepae
  A two-headed ogre (D:11)
  2 boulder beetles
  An anaconda (Snake:1)
  13 death yaks
  Urug (Lair:1)
  A naga sharpshooter (Snake:1)
  Lodul (D:10)
  An orc knight (Bailey)
  A mana viper (Snake:1)
  2 manticores (Lair:5)
  A salamander (Snake:1)
  19 elephants
  10 black mambas
  Maurice (D:8)
  2 naga magi (Snake:1)
  10 cane toads
  3 torpor snails
  10 komodo dragons
  7 rime drakes
  A kobold demonologist (D:10)
  A polar bear (D:10)
  2 hornets
  Prince Ribbit (D:8)
  10 dream sheep
  15 blink frogs
  Sigmund (D:2)
  A shadow (D:8)
  71 yaks
  A wyvern (Lair:2)
  2 hogs (Lair:3)
  3 wraiths (Lair:5)
  4 basilisks
  4 steam dragons
  5 acid dragons
  7 nagas (Snake:1)
  16 water moccasins
  2 black bears
  5 ice beasts
  7 orc warriors
  6 sky beasts
  10 ogres
  18 wolves
  3 centaurs
  6 kobold brigands
  Blork the orc (D:6)
  9 bullfrogs
  2 gnoll sergeants
  A scorpion (D:5)
  5 wights (D:8)
  9 killer bees
  5 jellies
  5 hounds
  2 orc priests (D:9)
  5 gnoll boudas
  6 iguanas
  4 orc wizards
  4 hell rats
  Robin (D:2)
  36 gnolls
  11 adders
  A shadow imp (D:6)
  2 white imps (D:8)
  3 worms
  3 dart slugs
  30 orcs
  13 bats
  14 endoplasms
  3 giant cockroaches
  17 goblins
  11 hobgoblins
  8 jackals
  30 kobolds
  A quokka (D:4)
  8 ball pythons
  5 frilled lizards
  7 rats
559 creatures vanquished.

Vanquished Creatures (others)
  A human (Lair:3)
1 creature vanquished.

Grand Total: 560 creatures vanquished

Table legend: (Time is in decaauts)
 A = Elapsed time spent in this place.
 B = Non-inter-level travel time spent in this place.
 C = Inter-level travel time spent in this place.
 D = Time resting spent in this place.
 E = Time spent auto-exploring this place.
 F = Levels seen in this place.
 G = Mean time per level.
                   A        B        C        D        E       F      G
               +--------+--------+--------+--------+--------+-----+--------+
         Total |  27662 |  26692 |    970 |   4512 |  17900 |  19 | 1455.9 |
       Dungeon |  15113 |  14631 |    482 |   1900 |  10467 |  11 | 1373.9 |
        Temple |     45 |      9 |     36 |      0 |      0 |   1 |   45.0 |
          Lair |  11180 |  10728 |    452 |   2370 |   6747 |   5 | 2236.0 |
     Snake Pit |    600 |    600 |      0 |     22 |    481 |   1 |  600.0 |
        Bailey |    721 |    721 |      0 |    220 |    205 |   1 |  721.0 |
               +--------+--------+--------+--------+--------+-----+--------+

Top non-repeatable levels by time:
  Lair:4: 2898 daAuts
    D:10: 2697 daAuts
  Lair:5: 2284 daAuts
  Lair:2: 2121 daAuts
  Lair:1: 1965 daAuts
  Lair:3: 1910 daAuts
     D:5: 1619 daAuts
     D:1: 1494 daAuts
     D:6: 1482 daAuts
     D:3: 1450 daAuts
     D:7: 1425 daAuts
     D:9: 1291 daAuts
     D:8: 1255 daAuts
     D:4: 1193 daAuts
     D:2: 1158 daAuts

Table legend:
 A = Non-vault XP
 B = Vault XP
 C = Vault XP percentage of total XP
 D = Non-vault monster count
 E = Vault monster count
 F = Vault count percentage of total count
                 A         B        C        D         E       F
            +---------+---------+-------+---------+---------+-------
      Total |   67554 |   26287 |  28.0 |     423 |     136 |  24.3
            +---------+---------+-------+---------+---------+-------
        D:1 |      47 |       0 |   0.0 |      29 |       0 |   0.0
        D:2 |      69 |     262 |  79.2 |      21 |      14 |  40.0
        D:3 |     187 |       2 |   1.1 |      23 |       2 |   8.0
        D:4 |     153 |       0 |   0.0 |      15 |       0 |   0.0
        D:5 |    1048 |      61 |   5.5 |      19 |       3 |  13.6
        D:6 |     705 |      91 |  11.4 |      25 |       1 |   3.8
        D:7 |    1351 |      15 |   1.1 |      24 |       5 |  17.2
        D:8 |    1868 |     740 |  28.4 |      20 |       2 |   9.1
        D:9 |    2149 |     113 |   5.0 |      34 |       1 |   2.9
       D:10 |    2858 |    4849 |  62.9 |      18 |      43 |  70.5
       D:11 |     929 |       0 |   0.0 |       3 |       0 |   0.0
     Lair:1 |    6903 |     790 |  10.3 |      27 |       1 |   3.6
     Lair:2 |    7320 |     721 |   9.0 |      29 |       3 |   9.4
     Lair:3 |    9429 |    1756 |  15.7 |      31 |       3 |   8.8
     Lair:4 |   10908 |    1097 |   9.1 |      33 |       7 |  17.5
     Lair:5 |   15589 |   14400 |  48.0 |      56 |      30 |  34.9
    Snake:1 |    6041 |       0 |   0.0 |      16 |       0 |   0.0
     Bailey |       0 |    1390 | 100.0 |       0 |      21 | 100.0
            +---------+---------+-------+---------+---------+-------

Levels and vault maps discovered:
D:1:      giann_wishing_wells, layout_basic, serial_shops,
          nicolae_shop_tiny_real_fake_doors
D:2:      layout_basic, basic_altar, st_stairs_4, uniq_robin, uniq_sigmund
D:3:      layout_basic, kennysheep_generic_room_3
D:4:      layout_basic, minmay_temple_entry_glass,
          minmay_misc_feat_more_columns, feat_on_display
D:5:      layout_basic, mainiacjoe_overflow_brackets, kennysheep_potato
D:6:      layout_loops_ring, uniq_blork_the_orc
D:7:      layout_basic, lightli_orcish_oven
D:8:      layout_cave_pools, nicolae_dithmenos_through_a_glass_darkly,
          mainiacjoe_overflow_large_starburst, uniq_maurice, uniq_prince_ribbit1
D:9:      layout_basic, lemuel_crystal_altar
D:10:     layout_irregular_city, lemuel_tele_altar, hellmonk_lair_entry_icy,
          david_orc_2, enter_bailey_4, hangedman_misty_isle, uniq_lodul
D:11:     layout_gridville, minmay_misc_feat_tower, grunt_ministairs_7,
          nzn_hepliaklqana_mist_gate
Temple:   nicolae_temple_bog_church
Lair:1:   layout_regular_city, uniq_urug
Lair:2:   layout_gridlike, swamp_mist, dummy_snake_entry, st_stairs_10
Lair:3:   layout_long_grid, uniq_kirke
Lair:4:   layout_loops_ring, nicolae_slime_entry_slimehenge,
          infiniplex_staircase_pool
Lair:5:   evilmike_catoblepas_cave, layout_cave_pods, grunt_megastairs_5,
          infiniplex_staircase_pool_2, uniq_josephine
Snake:1:  layout_onion, minmay_shop_star
